Map: Prion Terraces

Players

ShoWTimE - Winner!

  • Race: Protoss Protoss

Elazer

  • Race: Zerg Zerg
  • League: Grandmaster

Event: DreamHack ROCCAT LotV Championship

VOD

Have the link to the VOD?

Description

Time

  • Played on: Nov. 27, 2015, 7:16 a.m.
  • Length: 17:24

All games in this series

Show
View Real Time Build Order
Export as new Build Order

ShoWTimE Protoss - Winner!

Build Orders: Nexus First, Mass Adepts 

Get SALT Encoding   

  12  0:01  Probe (Chrono Boost)  
  13  0:11  Probe (Chrono Boost)  
  14  0:18  Pylon  
  14  0:22  Probe (Chrono Boost)  
  15  0:36  Probe (Chrono Boost)  
  16  0:47  Probe (Chrono Boost)  
  17  1:00  Nexus  
  17  1:11  Gateway  
  17  1:13  Probe (Chrono Boost)  
  18  1:18  Assimilator  
  18  1:23  Probe (Chrono Boost)  
  19  1:34  Probe (Chrono Boost)  
  19  1:36  Gateway  
  20  1:44  Probe (Chrono Boost)  
  21  1:51  Gateway  
  21  1:55  Probe (Chrono Boost)  
  22  2:02  Cybernetics Core  
  22  2:06  Probe (Chrono Boost)  
  23  2:12  Probe (Chrono Boost)  
  24  2:16  Probe (Chrono Boost)  
  25  2:23  Probe (Chrono Boost)  
  25  2:27  Probe (Chrono Boost)  
  27  2:33  Probe (Chrono Boost)  
  28  2:38  Adept (Chrono Boost)  
  28  2:39  Adept (Chrono Boost)  
  28  2:42  Probe, Adept (Chrono Boost)  
  35  2:45  Probe  
  35  2:49  Pylon  
  36  2:55  Probe  
  36  2:57  Pylon  
  37  3:00  Probe  
  37  3:07  Adept x2 (Chrono Boost)  
  37  3:11  Probe  
  41  3:14  Probe  
  41  3:16  Pylon  
  44  3:20  Adept (Chrono Boost)  
  44  3:21  Warp Gate  
  44  3:23  Probe  
  45  3:27  Probe  
  45  3:30  Pylon  
  46  3:35  Adept (Chrono Boost)  
  46  3:36  Adept (Chrono Boost)  
  46  3:38  Probe  
  46  3:40  Probe  
  52  3:44  Assimilator  
  52  3:50  Probe  
  52  3:52  Probe, Adept (Chrono Boost)  
  56  4:00  Adept (Chrono Boost)  
  61  4:02  Probe  
  61  4:03  Adept (Chrono Boost), Pylon  
  61  4:04  Probe  
  62  4:10  Assimilator  
  62  4:11  Pylon  
  62  4:20  Pylon  
  62  4:21  Probe  
  62  4:22  Mothership Core  
  67  4:25  Adept (Chrono Boost)  
  67  4:26  Adept (Chrono Boost)  
  69  4:33  Probe, Adept (Chrono Boost)  
  72  4:43  Probe  
  73  4:45  Probe  
  73  4:50  Robotics Facility  
  73  4:55  Probe  
  73  4:58  Probe  
  75  5:04  Assimilator  
  75  5:07  Probe (Chrono Boost)  
  75  5:09  Forge  
  75  5:10  Probe (Chrono Boost)  
  77  5:19  Probe (Chrono Boost)  
  77  5:21  Probe (Chrono Boost)  
  79  5:29  Probe (Chrono Boost)  
  79  5:31  Probe (Chrono Boost), Adept  
  79  5:32  Nexus  
  83  5:42  Probe (Chrono Boost)  
  83  5:45  Robotics Bay  
  83  5:51  Sentry  
  83  5:53  Nexus  
  83  5:55  Pylon  
  85  5:58  Pylon  
  85  6:02  Probe (Chrono Boost)  
  86  6:11  Probe (Chrono Boost)  
  86  6:12  Pylon  
  86  6:13  Immortal (Chrono Boost)  
  86  6:14  Pylon  
  86  6:15  Probe  
  90  6:21  Protoss Ground Weapons Level 1  
  90  6:22  Photon Cannon  
  90  6:25  Twilight Council, Probe x2  
  91  6:30  Stalker x2  
  96  6:35  Stalker  
  86  6:45  Stalker  
  71  6:50  Disruptor (Chrono Boost)  
  71  6:53  Pylon  
  74  6:55  Pylon  
  74  6:57  Stalker x2  
  78  7:06  Pylon  
  78  7:09  Stalker, Blink (Chrono Boost)  
  78  7:21  Disruptor (Chrono Boost)  
  81  7:23  Gateway  
  81  7:25  Gateway  
  81  7:29  Stalker x2  
  85  7:30  Pylon  
  85  7:40  Sentry  
  87  7:49  Pylon  
  87  7:51  Pylon  
  87  7:52  Disruptor (Chrono Boost), Zealot  
  87  7:55  Zealot  
  94  8:10  Nexus  
  94  8:12  Pylon  
  94  8:13  Stalker x2  
  94  8:14  Pylon  
  94  8:19  Stalker x2  
  102  8:24  Sentry, Warp Prism (Chrono Boost)  
  106  8:28  Protoss Ground Weapons Level 2, Photon Cannon  
  106  8:37  Stalker x2, Photon Cannon  
  110  8:44  Gateway  
  110  8:45  Gateway  
  110  8:50  Adept, Pylon  
  110  8:53  Adept  
  112  9:07  Stalker x2  
  109  9:16  Stalker  
  109  9:17  Stalker x2  
  112  9:29  Observer (Chrono Boost)  
  113  9:36  Stalker x2  
  117  9:41  Stalker  
  117  9:42  Stalker  
  121  9:48  Stalker x2  
  119  10:07  Stalker x3  
  119  10:08  Stalker x2  
  123  10:26  Disruptor (Chrono Boost)  
  124  10:30  Zealot  
  124  10:31  Zealot x3  
  132  10:39  Nexus  
  132  10:44  Protoss Ground Weapons Level 3 (Chrono Boost)  
  132  10:48  Probe  
  132  10:49  Probe  
  133  10:50  Probe  
  135  11:00  Stalker x2, Probe  
  135  11:03  Probe  
  140  11:04  Probe  
  140  11:09  Disruptor (Chrono Boost)  
  142  11:16  Zealot  
  145  11:26  Zealot  
  145  11:27  Zealot  
  145  11:28  Zealot  
  145  11:32  Pylon  
  151  11:34  Pylon  
  151  11:37  Charge  
  151  11:40  Pylon  
  151  11:41  Probe x2  
  151  11:42  Probe  
  154  11:52  Stalker x2  
  154  11:54  Probe  
  159  12:03  Zealot x3  
  159  12:04  Zealot  
  159  12:06  Probe  
  159  12:08  Probe x2  
  166  12:13  Disruptor  
  161  12:25  Zealot x3  
  167  12:35  Stalker  
  167  12:36  Stalker x3  
  169  12:43  Robotics Facility  
  169  12:47  Zealot x2  
  169  12:58  Stalker x2  
  169  13:00  Stalker x3, Disruptor  
  182  13:17  Resonating Glaives  
  182  13:18  Zealot  
  182  13:19  Zealot  
  182  13:32  Immortal, Probe  
  182  13:34  Probe x2  
  185  13:36  Assimilator  
  185  13:38  Assimilator  
  184  13:42  Zealot x4  
  184  13:43  Zealot x2  
  194  13:49  Templar Archives  
  194  13:50  Probe x2, Assimilator  
  194  13:51  Probe, Assimilator  
  195  13:58  Pylon  
  193  14:10  Zealot  
  193  14:11  Immortal  
  193  14:17  Immortal  
  199  14:26  Zealot  
  187  14:40  Zealot  
  187  14:41  Zealot x3  
  187  14:44  Pylon  
  175  15:05  Immortal (Chrono Boost), Nexus  
  175  15:06  Immortal (Chrono Boost)  
  175  15:10  Photon Cannon  
  175  15:13  Photon Cannon  
  175  15:15  Nexus, Pylon  
  175  15:16  Pylon  
  175  15:17  Protoss Ground Armor Level 1  
  175  15:24  Pylon  
  175  15:29  Zealot x2  
  179  15:38  Zealot  
  179  15:39  Zealot  
  183  15:51  Zealot x2  
  183  15:53  Zealot  
  187  16:09  High Templar x2  
  173  16:11  High Templar x2  
  173  16:17  Archon x2  
  177  16:19  Probe  
  177  16:21  Probe x2  
  180  16:30  Stalker  
  178  16:42  Immortal (Chrono Boost)  
  176  16:49  Immortal (Chrono Boost)  
  176  16:50  Stalker x3  
  176  16:53  Probe  
  173  16:54  Probe  
  173  16:55  Probe  
  173  16:58  Mothership Core  
  170  17:06  Stalker x2  
Show
View Real Time Build Order
Export as new Build Order

Elazer Zerg 

Build Orders: Pool First, Lurkers 

Get SALT Encoding   

  12  0:01  Drone  
  13  0:12  Overlord  
  13  0:17  Drone  
  14  0:31  Drone x2  
  14  0:35  Drone  
  17  0:53  Drone  
  17  0:55  Spawning Pool  
  17  1:08  Hatchery  
  16  1:11  Drone  
  16  1:15  Extractor  
  16  1:16  Drone  
  17  1:19  Drone  
  18  1:29  Drone  
  19  1:39  Overlord  
  19  1:41  Queen  
  21  1:50  Zergling x2  
  22  2:03  Drone  
  23  2:11  Drone  
  24  2:20  Queen  
  24  2:21  Drone  
  27  2:23  Drone  
  27  2:27  Queen  
  27  2:28  Metabolic Boost  
  30  2:33  Overlord  
  30  2:37  Drone  
  31  2:50  Drone x2  
  33  2:52  Drone  
  34  2:58  Hatchery  
  34  3:04  Zergling x10  
  37  3:14  Overlord  
  37  3:21  Roach Warren  
  36  3:30  Drone x3  
  36  3:31  Zergling x4  
  36  3:32  Zergling x2  
  42  3:37  Drone x3  
  42  3:39  Extractor  
  42  3:40  Drone x2  
  46  3:51  Drone x2  
  47  4:00  Overlord  
  45  4:06  Roach  
  45  4:07  Roach x2  
  45  4:09  Overlord  
  51  4:10  Overlord, Queen  
  51  4:12  Roach  
  55  4:19  Roach  
  55  4:20  Roach  
  61  4:24  Roach  
  61  4:28  Overlord  
  61  4:30  Roach  
  61  4:31  Roach  
  65  4:37  Overlord  
  65  4:41  Roach  
  65  4:42  Roach x2  
  71  4:46  Roach  
  71  4:48  Zergling x8  
  77  4:53  Overlord  
  77  4:59  Extractor  
  75  5:00  Drone x3  
  75  5:05  Roach x3  
  75  5:06  Roach  
  86  5:11  Overlord  
  86  5:12  Drone x3  
  86  5:13  Evolution Chamber  
  88  5:16  Roach x2  
  88  5:20  Overlord  
  92  5:29  Roach x3  
  92  5:35  Overlord  
  98  5:38  Roach x2  
  98  5:39  Roach, Extractor  
  99  5:43  Roach  
  99  5:44  Drone x3  
  104  5:51  Roach x2  
  104  5:55  Roach x2  
  110  5:58  Overlord  
  110  6:10  Zergling x16  
  116  6:15  Lair  
  116  6:21  Zerg Missile Weapons Level 1, Overlord  
  116  6:25  Drone x2  
  118  6:28  Ravager  
  117  6:35  Overlord  
  117  6:36  Drone  
  117  6:38  Drone x2  
  109  6:41  Drone x5  
  109  6:44  Drone x2  
  109  6:46  Drone  
  114  6:47  Ravager  
  114  6:49  Drone  
  114  6:51  Ravager x3  
  119  6:58  Overlord  
  118  7:08  Drone  
  116  7:13  Roach x4  
  116  7:20  Hatchery, Ravager x2  
  116  7:21  Ravager  
  116  7:22  Overlord  
  118  7:24  Extractor  
  118  7:26  Drone x3  
  118  7:29  Ravager  
  107  7:42  Drone  
  107  7:43  Drone x3, Extractor  
  109  7:44  Hydralisk Den  
  109  7:46  Drone  
  109  7:47  Drone x3  
  112  7:54  Roach x6  
  112  7:55  Overlord  
  124  7:58  Roach  
  124  7:59  Roach x2  
  130  8:06  Roach x4  
  130  8:10  Overlord  
  130  8:11  Drone x3  
  141  8:13  Drone  
  141  8:16  Ravager x2  
  144  8:24  Extractor  
  144  8:26  Drone x5, Extractor  
  144  8:27  Drone x2  
  149  8:28  Lurker Den  
  149  8:30  Overlord  
  149  8:36  Hydralisk x2  
  149  8:37  Hydralisk x2  
  149  8:40  Overlord  
  157  8:43  Hydralisk x2  
  161  8:53  Hydralisk x3  
  167  8:56  Overlord  
  149  9:14  Hydralisk x7  
  144  9:19  Zergling x18  
  151  9:28  Zerg Missile Weapons Level 2  
  151  9:34  Hydralisk x2  
  149  9:40  Hatchery  
  149  9:42  Overlord  
  149  9:43  Hydralisk x3  
  154  9:54  Lurker x3  
  154  9:55  Lurker  
  156  10:05  Hydralisk  
  156  10:06  Hydralisk x8  
  136  10:20  Roach x9  
  147  10:37  Drone x2, Infestation Pit  
  147  10:38  Drone x2  
  147  10:39  Roach x4  
  147  10:40  Evolution Chamber, Roach x3  
  147  10:41  Lurker  
  164  10:43  Lurker  
  165  10:55  Lurker x2  
  164  11:05  Zerg Ground Armor Level 1  
  164  11:06  Zergling x2  
  164  11:07  Zergling x14  
  164  11:08  Lurker x2  
  174  11:17  Hydralisk x2  
  174  11:18  Hydralisk  
  178  11:19  Overlord  
  178  11:20  Zergling x12  
  178  11:22  Muscular Augments  
  182  11:32  Glial Reconstitution  
  178  11:40  Hive  
  178  11:43  Hydralisk x3  
  184  11:51  Zergling x12  
  184  11:52  Zerg Melee Weapons Level 1  
  190  11:57  Hatchery  
  189  12:08  Drone x3  
  183  12:09  Drone x6  
  159  12:27  Zergling x12  
  163  12:33  Hatchery  
  151  12:55  Drone x2, Viper  
  151  12:56  Drone  
  153  12:58  Ultralisk Cavern  
  153  13:05  Zergling x16  
  155  13:06  Overlord  
  155  13:08  Lurker x3  
  163  13:17  Lurker x2  
  139  13:40  Zergling x14  
  142  13:48  Drone x2  
  142  13:49  Drone x4  
  142  13:50  Chitinous Plating  
  142  13:53  Ultralisk x2  
  151  14:17  Ultralisk  
  141  14:36  Ultralisk  
  142  14:51  Hydralisk x5  
  124  15:01  Ultralisk x2  
  124  15:04  Zerg Melee Weapons Level 2  
  136  15:08  Hatchery  
  135  15:17  Lurker  
  135  15:18  Lurker  
  135  15:19  Lurker  
  139  15:21  Lurker  
  139  15:38  Hydralisk x2  
  139  15:50  Drone x2  
  139  15:54  Drone  
  142  15:58  Drone x2  
  144  16:32  Overlord x2  
  144  16:33  Overlord  

Tags
 
Add a new tag
Caveats
  • Supply blocks, unpowered buildings, or Contaminate may cause inaccurate times.
  • Supply counts are checked every 10 seconds.